 Dungeon Crawl Stone Soup version 0.32-a0-460-gc8eefc90e7 (webtiles) character file.

Game seed: 545006673577598157

85611 Majang the Cleaver (level 14, -8/106 (111) HPs)
             Began as a Coglin Gladiator on Feb 23, 2024.
             Was the Champion of Ru.
             Mangled by a black mamba (10 damage)
             ... on level 2 of the Snake Pit on Feb 24, 2024.
             The game lasted 02:58:35 (22906 turns).

Majang the Cleaver (Coglin Gladiator)              Turns: 22906, Time: 02:58:35

HP:   -8/106 (111)  AC: 20    Str: 28    XL:     14   Next: 84%
MP:   14/14         EV: 10    Int:  8    God:    Ru [******]
Gold: 511           SH:  0    Dex: 23    Spells: 13/13 levels left

rFire   + . .        L - +4 morningstar {Fatehjeet}
rCold   + . .        u - +2 broad axe (protect) {Rubén}
rNeg    . . .        i - +0 swamp dragon scales
rPois   +            c - +1 helmet
rElec   +            U - +2 cloak "Dessos" {rElec Str+7}
rCorr   +            k - +0 pair of fencer's gloves {Riposte Dex+3}
SInv    .            (no boots)
Will    +....        F - amulet of the acrobat
Stlth   +            t - ring of willpower
HPRegen 0.37/turn    K - ring "Yzxoqao" {Fly Will- Str+3 Dex+3}
MPRegen 0.14/turn

%: inaccuracy (-5), acrobat
@: confused, exhausted, resistant, ambrosia-drunk, weakened, under a protective
aura, flying, lightly drained, revved
A: inability to train dodging, inability to train armour, disrupted magic 2,
inexperienced 1, missing an eye, off-hand wielding, slow wielding, warmup
strikes, legs shutdown
a: Renounce Religion, Draw Out Power, Power Leap, Apocalypse


You were on level 2 of the Snake Pit.
You worshipped Ru.
Ru was exalted by your worship.
You visited 5 branches of the dungeon, and saw 23 of its levels.
You also visited: Gauntlet and Ice Cave.

You collected 2652 gold pieces.
You spent 2141 gold pieces at shops.

Inventory:

Hand Weapons
 u - a +2 broad axe of protection (offhand) {Rubén}
 L - a +4 morningstar (weapon) {Fatehjeet}
Missiles
 d - 4 throwing nets (quivered)
 e - 17 javelins
 y - 16 boomerangs
 J - 6 curare-tipped darts
Armour
 c - a +1 helmet (worn)
 i - +0 swamp dragon scales (worn)
 k - the +0 pair of fencer's gloves (worn) {Riposte Dex+3}
   (You found it in a Gauntlet)

   Riposte:   It allows the wearer to riposte with melee weapons, swiftly
   retaliating against missed or blocked melee attacks.
   Dex+3:     It affects your dexterity (+3).
 I - the +5 leather armour "Onnaizoj" {*Corrode Regen+ Slay+6 Stlth+}
   (You found it in an ice cave)

   Slay+6:    It affects your accuracy & damage with ranged weapons and melee
   (+6).
   Regen+:    It increases your rate of health regeneration.
   *Corrode:  It may corrode you when you take damage.
   Stlth+:    It makes you more stealthy.
 U - the +2 cloak "Dessos" (worn) {rElec Str+7}
   (You found it in a Gauntlet)

   Str+7:     It affects your strength (+7).
   rElec:     It insulates you from electricity.
Jewellery
 t - a ring of willpower (left grasper)
 F - an amulet of the acrobat (around neck)
 G - the ring "Ilyliona" {Int+3 SInv}
   (You found it in a Gauntlet)

   [ring of see invisible]

   Int+3:     It affects your intelligence (+3).
   SInv:      It lets you see invisible.
 K - the ring "Yzxoqao" (right grasper) {Fly Will- Str+3 Dex+3}
   (You found it in an ice cave)

   [ring of flight]

   Str+3:     It affects your strength (+3).
   Dex+3:     It affects your dexterity (+3).
   Will-:     It decreases your willpower.
   Fly:       It grants you flight.
 R - a ring of protection from cold
 T - the ring of Wishful Thinking {rCorr Int+4 Stlth+}
   (You found it in a Gauntlet)

   [ring of resist corrosion]

   Int+4:     It affects your intelligence (+4).
   rCorr:     It protects you from acid and corrosion.
   Stlth+:    It makes you more stealthy.
Wands
 l - a wand of mindburst (19)
 p - a wand of light (4)
 q - a wand of flame (78)
 z - a wand of paralysis (19)
 D - a wand of polymorph (26)
 N - a wand of iceblast (15)
Scrolls
 v - 13 scrolls of teleportation
 A - 2 scrolls of identify
 E - a scroll of summoning
 O - 2 scrolls of revelation
 P - 2 scrolls of immolation
 Q - a scroll of fog
Potions
 a - a potion of cancellation
 g - 4 potions of haste
 h - 2 potions of enlightenment
 j - 2 potions of magic
 m - a potion of invisibility
 o - 5 potions of mutation
 w - 5 potions of attraction
 x - 2 potions of ambrosia
 C - 5 potions of lignification
 H - 5 potions of curing
 S - a potion of might
 Y - 4 potions of resistance
Miscellaneous
 s - a tin of tremorstones (2/2)
 V - a phial of floods
 W - a phantom mirror


   Skills:
 + Level 10.9 Fighting
 * Level 14.8(17.1) Axes
 * Level 13.1(15.6) Maces & Flails
 + Level 7.8 Throwing
 + Level 6.8 Stealth
 + Level 12.7 Evocations


You had 13 spell levels left.
You didn't know any spells.
Your spell library contained the following spells:

 Spells                   Type           Power      Damage    Failure   Level
 Sandblast                Erth           0%         2d4       71%         1
 Cigotuvi's Dreadful Rot  Necr/Alch/Air  0%         N/A       82%         2
 Jinxbite                 Hex            0%         N/A       82%         2
 Mercury Vapours          Alch/Air       0%         N/A       82%         2
 Static Discharge         Conj/Air       0%         3-3/arc   82%         2
 Frozen Ramparts          Ice            0%         1d1       95%         3
 Gell's Gravitas          Tloc           0%         N/A       95%         3
 Hailstorm                Conj/Ice       0%         3d5       95%         3
 Inner Flame              Hex/Fire       0%         N/A       95%         3
 Mephitic Cloud           Conj/Alch/Air  0%         N/A       95%         3
 Ozocubu's Armour         Ice            0%         N/A       95%         3
 Teleport Other           Tloc           0%         N/A       95%         3
 Volatile Blastmotes      Fire/Tloc      0%         2d10      95%         3
 Dispel Undead            Necr           0%         3d6       100%        4
 Fulminant Prism          Conj/Alch      0%         3d5       100%        4
 Iskenderun's Mystic Bla  Conj/Tloc      0%         2d3       100%        4
 Leda's Liquefaction      Alch/Erth      0%         N/A       100%        4
 Martyr's Knell           Necr/Summ      0%         N/A       100%        4
 Petrify                  Alch/Erth      0%         N/A       100%        4
 Vhi's Electric Charge    Tloc/Air       0%         N/A       100%        4
 Arcjolt                  Conj/Air       0%         1d10      100%        5
 Freezing Cloud           Conj/Ice/Air   0%         6-21      100%        5
 Irradiate                Conj/Alch      0%         3d11      100%        5
 Metabolic Englaciation   Hex/Ice        0%         N/A       100%        5
 Summon Forest            Summ/Tloc      0%         N/A       100%        5
 Yara's Violent Unravell  Hex/Alch       0%         3d3       100%        5
 Death Channel            Necr           0%         N/A       100%        6
 Dispersal                Tloc           0%         N/A       100%        6
 Eringya's Noxious Bog    Alch           0%         4d6       100%        6
 Plasma Beam              Fire/Air       0%         2x1d10    100%        6
 Sculpt Simulacrum        Ice/Alch       0%         N/A       100%        6
 Enfeeble                 Hex            0%         N/A       100%        7
 Ozocubu's Refrigeration  Ice            0%         4d7       100%        7
 Summon Hydra             Summ           0%         N/A       100%        7
 Ignition                 Fire           0%         3d3       100%        8
 Maxwell's Capacitive Co  Air            0%         ∞         100%        8
 Chain Lightning          Conj/Air       0%         N/A       100%        9
 Fire Storm               Conj/Fire      0%         5d1       100%        9
 Polar Vortex             Ice            0%         N/A       100%        9
 Shatter                  Erth           0%         3d5*      100%        9


Dungeon Overview and Level Annotations

Branches:
Dungeon (13/15)            Temple (1/1) D:7            Lair (5/5) D:11
 Shoals (0/4) Lair:3        Snake (1/4) Lair:3        Slime (0/5) Lair:5
    Orc (2/2) D:11            Elf (0/3) Orc:2         IceCv (visited)
Gauntlet (visited)
 Vaults: D:13-14

Altars:
Ashenzari
Cheibriados
Dithmenos
Elyvilon
Fedhas
Gozag
Hepliaklqana
Kikubaaqudgha
Makhleb
Nemelex Xobeh
Okawaru
Qazlal
Ru
Sif Muna
Trog
Uskayaw
Vehumet
Wu Jian
Xom
Yredelemnul
Zin
The Shining One
Beogh
Jiyva

Shops:
D:1 [   D:8 ?[[   Orc:2 [!!*

Annotations:
D:11 3 runed translucent doors, vmvhnmv's ghost, journeyman MiFi


Innate Abilities, Weirdness & Mutations

You cannot train Dodging skill.
You cannot train Armour skill.
Your casting is disrupted.
You are somewhat inexperienced. (-1 XL)
You are missing an eye, making it more difficult to aim.
You can wield a second weapon in your off-hand.
It takes a long time for you to wield or remove held weapons.
Your first few attacks do less damage.
Attacking and casting redirects power from your legs.


Message History

The salamander tyrant hits itself!
The salamander barely misses you.
You closely miss the salamander tyrant with your +4 morningstar.
The salamander tyrant is severely wounded.
You miss the salamander tyrant with your +2 broad axe of protection.
You hit the black mamba with your +2 broad axe of protection.
The black mamba barely misses you.
You riposte.
You slash the black mamba with your +2 broad axe of protection!
The black mamba is heavily wounded.
You barely miss the salamander tyrant with your +2 broad axe of protection.
You sock the black mamba with your +4 morningstar!
The salamander tyrant is stunned by your conviction and fails to attack.
The black mamba bites you but does no damage.
The salamander hits you from afar with a +0 halberd.
* * * LOW HITPOINT WARNING * * *
You are engulfed in flames.
You resist.
* * * LOW HITPOINT WARNING * * *
Okay, then.
You barely miss the salamander tyrant with your +2 broad axe of protection.
The salamander tyrant is severely wounded.
You slash the black mamba with your +2 broad axe of protection!
You sock the salamander tyrant with your +4 morningstar!
The black mamba bites you but does no damage.
You redirect the salamander tyrant's attack!
The salamander tyrant is stunned by your conviction and fails to attack.
You are confused.
You feel invigorated.
You are no longer unable to travel.
The black mamba closely misses you.
The salamander hits you from afar with a +0 halberd.
* * * LOW HITPOINT WARNING * * *
You are engulfed in flames.
You resist.
* * * LOW HITPOINT WARNING * * *
You focus your inner power and blind the salamander in retribution!
The salamander tyrant gazes fiercely through you!
You feel as though you will be weak longer.
The salamander tyrant barely misses you.
A black mamba comes into view.
The black mamba bites you!
You die...
Ru respects your ultimate sacrifice.

*,,,,,,,*,,,**,,*,,,,,**
##......###+#..,**,,,,,*
###............,,*,,,,,*
####...........,,**+++**
###............,,,,,,,,,
##.............,,,,,,,,*
##.....N.......,,,,,,***
##....)........,,,,****,
##....N@.......,,,,* *,,
##.....)S......,,,,***,⌠
#..............,,,,+,*,,
#..............,,,,*,**,
##.............,,,,*,,**
##...###+#.....,,,,*,,,*
##..#+...##...S,,,,*,,,,
###.#.....#....,,,,*,,,,
**,*,,,,,*,,,,,,,,**,,,


You could see a salamander tyrant, a salamander (blind, unable to see you) and 2
black mambas.

Vanquished Creatures
  An azure jelly (IceCv)
  3 quicksilver oozes (IceCv)
  The ghost of makewrite the Bludgeoner, a journeyman MiBe of Trog (Lair:4)
  A minotaur (Gauntlet)
  Josephine (D:11)
  2 hydras (Lair:4)
  3 naga warriors (Snake:1)
  4 two-headed ogres
  4 death yaks
  A tengu warrior (D:13)
  A boulder beetle (Lair:3)
  2 hell hogs (Lair:5)
  2 shock serpents (Snake:1)
  Urug (Lair:3)
  3 orc high priests (Orc:2)
  A skyshark (Lair:5)
  Sonja (D:13)
  5 skeletal warriors (D:11)
  2 glowing orange brains (Gauntlet)
  Pikel (D:4)
  A lindwurm (Lair:5)
  4 orc knights (Orc:2)
  A necromancer (Gauntlet)
  3 ugly things
  5 orc sorcerers (Orc:2)
  2 oklob plants
  2 manticores (D:12)
  3 salamanders
  2 cyclopes
  18 elephants
  10 black mambas
  2 kobold blastminers (Orc:2)
  18 cane toads
  A naga mage (Snake:1)
  An ice statue (IceCv)
  2 gargoyles
  An unseen horror (D:11)
  2 molten gargoyles (Lair:5)
  7 komodo dragons
  6 rime drakes
  Psyche (D:11)
  The ghost of sngkn the Covered, an amateur MiFi (D:4)
  7 trolls
  8 polar bears
  16 blink frogs
  13 slime creatures
  A spriggan (Lair:3)
  Sigmund (D:5)
  A shadow (D:12)
  6 wraiths
  45 yaks
  Eustachio (D:4)
  7 basilisks
  5 wyverns
  A neqoxec (D:13)
  A warg (Orc:1)
  3 steam dragons (Lair:5)
  2 acid dragons
  Edmund (D:5)
  3 nagas (Snake:1)
  5 great orb of eyes simulacra (IceCv)
  11 water moccasins
  5 hell hounds (Lair:5)
  2 sky beasts
  15 orc warriors
  Pargi (D:3)
  7 black bears
  4 ogres
  5 ice beasts
  23 wolves
  6 centaurs
  A lemure (D:4)
  3 slime creature simulacra (IceCv)
  A phantom (D:4)
  4 kobold brigands
  15 bullfrogs
  2 gnoll sergeants
  2 scorpions
  11 wights
  5 killer bees (D:11)
  A howler monkey (D:5)
  3 electric eels
  5 jellies
  8 lava snakes
  A hound (D:6)
  19 orc priests
  2 bombardier beetles
  A sleepcap (D:5)
  Jessica (D:3)
  3 gnoll boudas
  15 orc wizards
  4 iguanas
  Ijyb (D:3)
  7 shapeshifter simulacra (IceCv)
  26 gnolls
  10 adders
  2 shadow imps
  2 white imps
  4 ufetubi
  A dart slug (D:1)
  2 ribbon worms
  59 orcs
  5 ball pythons
  9 bats
  26 endoplasms
  2 giant cockroaches
  2 goblins
  8 hobgoblins
  4 jackals (D:3)
  15 kobolds
  3 quokkas
  2 frilled lizards
  5 rats
641 creatures vanquished.

Vanquished Creatures (others)
  Maurice (Orc:1)
  An elephant (Lair:5)
  A black mamba (Snake:1)
  A vampire (D:10)
  A vampire bat (D:8)
  A gnoll bouda (D:8)
  2 orc wizards
  An orc (D:9)
9 creatures vanquished.

Grand Total: 650 creatures vanquished

Notes
Turn   | Place    | Note
-------+----------+-------------------------------------------
     0 | D:1      | Majang the Coglin Gladiator began the quest for the Orb.
     0 | D:1      | Reached XP level 1. HP: 16/16 MP: 1/1
    82 | D:1      | Reached XP level 2. HP: 21/22 MP: 2/2
   230 | D:1      | Found Bofept's Antique Armour Boutique.
   380 | D:1      | Found a faded altar of an unknown god.
  1002 | D:2      | Reached XP level 3. HP: 22/28 MP: 3/3
  1505 | D:2      | Reached skill level 4 in Axes
  1811 | D:3      | Reached XP level 4. HP: 34/34 MP: 4/4
  1872 | D:3      | Reached skill level 1 in Maces & Flails
  1887 | D:3      | Noticed Pargi
  1898 | D:3      | Killed Pargi
  1899 | D:3      | Reached XP level 5. HP: 41/41 MP: 5/5
  2031 | D:3      | Found a sacrificial altar of Ru.
  2059 | D:3      | Became a worshipper of Ru the Awakened
  2172 | D:3      | Reached XP level 6. HP: 44/47 MP: 6/6
  2281 | D:3      | Noticed Jessica
  2284 | D:3      | Killed Jessica
  2382 | D:3      | Noticed Ijyb
  2392 | D:3      | Killed Ijyb
  2393 | D:3      | Reached skill level 5 in Axes
  2393 | D:3      | Reached skill level 1 in Evocations
  2568 | D:4      | Found a radiant altar of Vehumet.
  2569 | D:4      | Noticed Pikel
  2589 | D:4      | Killed Pikel
  2590 | D:4      | Reached skill level 1 in Armour
  2590 | D:4      | Reached XP level 7. HP: 53/53 MP: 7/7
  2628 | D:4      | Found a shimmering blue altar of Sif Muna.
  2636 | D:4      | Reached XP level 8. HP: 53/60 MP: 8/8
  2666 | D:4      | Found a runed translucent door.
  2666 | D:4      | Noticed sngkn's ghost (amateur MiFi)
  2692 | D:4      | Found a runed translucent door.
  2733 | D:4      | Found a transporter.
  2772 | D:4      | Found a transporter.
  2961 | D:4      | Noticed Eustachio
  2971 | D:4      | Killed Eustachio
  2972 | D:4      | Reached skill level 6 in Axes
  3087 | D:4      | Gained mutation: You cannot train Armour skill. [Ru
                  | sacrifice]
  3087 | D:4      | Reached * piety under Ru
  3241 | D:5      | Entered Level 5 of the Dungeon
  4093 | D:5      | Noticed Edmund
  4106 | D:5      | Killed Edmund
  4107 | D:5      | Reached XP level 9. HP: 46/66 MP: 9/9
  4137 | D:5      | Noticed Sigmund
  4140 | D:5      | Killed Sigmund
  4141 | D:5      | Reached skill level 7 in Axes
  4141 | D:5      | Reached skill level 5 in Maces & Flails
  4684 | D:6      | Reached skill level 5 in Fighting
  5068 | D:6      | Gained mutation: Your casting is slightly disrupted. [Ru
                  | sacrifice]
  5068 | D:6      | Reached ** piety under Ru
  5081 | D:6      | Reached skill level 5 in Evocations
  5322 | D:7      | Found a white marble altar of Elyvilon.
  5643 | D:4      | Killed sngkn's ghost
  5717 | D:4      | Reached skill level 8 in Axes
  6055 | D:7      | Reached skill level 5 in Dodging
  6389 | D:7      | Reached XP level 10. HP: 57/76 MP: 10/10
  6622 | D:7      | Found a staircase to the Ecumenical Temple.
  6635 | Temple   | Entered the Ecumenical Temple
  7134 | D:8      | Noticed a cyan ugly thing
  7143 | D:8      | Reached skill level 9 in Axes
  7153 | D:8      | Killed a cyan ugly thing
  7479 | D:8      | Noticed an oklob plant
  7516 | D:8      | Found Muwka's Magic Scroll Shop.
  7535 | D:8      | Bought a scroll of enchant weapon for 112 gold pieces
  7535 | D:8      | Bought a scroll of enchant weapon for 112 gold pieces
  7535 | D:8      | Bought a scroll of identify for 30 gold pieces
  7541 | D:8      | Gained mutation: You are somewhat inexperienced. (-1 XL)
                  | [Ru sacrifice]
  7541 | D:8      | Reached XP level 9. HP: 71/71 MP: 9/9
  7541 | D:8      | Reached *** piety under Ru
  7552 | D:8      | Found Doizxomi's Antique Armour Emporium.
  7686 | D:8      | Found Lodbrok's Dragon-Slaying Spoils.
  8107 | D:8      | Killed an oklob plant
  8108 | D:8      | Reached XP level 10. HP: 77/77 MP: 10/10
  8163 | D:9      | Noticed a two-headed ogre
  8176 | D:9      | Killed a two-headed ogre
  8878 | D:9      | Found an ancient bone altar of Kikubaaqudgha.
  9045 | D:10     | Entered Level 10 of the Dungeon
  9292 | D:10     | Reached skill level 10 in Axes
  9554 | D:10     | Found a hide-covered altar of Uskayaw.
  9581 | D:10     | Gained mutation: You cannot train Dodging skill. [Ru
                  | sacrifice]
  9581 | D:10     | Reached **** piety under Ru
  9581 | D:10     | Reached ***** piety under Ru
  9804 | D:11     | Noticed Josephine
  9804 | D:11     | Noticed a skeletal warrior
  9804 | D:11     | Found a shimmering altar of Xom.
  9834 | D:11     | Killed Josephine
  9836 | D:11     | Found a gate leading to a gauntlet.
  9845 | Gauntlet | Entered a Gauntlet
  9845 | Gauntlet | Found a transporter.
  9857 | Gauntlet | Noticed an oklob plant
  9858 | Gauntlet | Found a transporter.
  9858 | Gauntlet | Found the +0 pair of fencer's gloves {Riposte Dex+3}
  9860 | Gauntlet | Found a transporter.
  9862 | Gauntlet | Found a transporter.
  9877 | Gauntlet | Found a transporter.
  9884 | Gauntlet | Noticed a necromancer
  9892 | Gauntlet | Found a transporter.
  9895 | Gauntlet | Noticed a death scarab
  9897 | Gauntlet | Found a transporter.
  9907 | Gauntlet | Noticed a glowing orange brain
  9912 | Gauntlet | Found a transporter.
  9913 | Gauntlet | Noticed a glowing orange brain
  9924 | Gauntlet | Noticed a brown ugly thing
  9928 | Gauntlet | Noticed a death scarab
  9931 | Gauntlet | Found a transporter.
  9961 | Gauntlet | Found a transporter.
  9965 | Gauntlet | Noticed a moth of wrath
  9988 | Gauntlet | Noticed a brown ugly thing
  9990 | Gauntlet | Noticed a great orb of eyes
  9991 | Gauntlet | Found a transporter.
  9996 | Gauntlet | Found a transporter.
 10021 | Gauntlet | Found a transporter.
 10023 | Gauntlet | Noticed a thrashing horror
 10026 | Gauntlet | Found a transporter.
 10028 | Gauntlet | Found a transporter.
 10030 | Gauntlet | Noticed a sixfirhy
 10051 | Gauntlet | Found a transporter.
 10056 | Gauntlet | Found a transporter.
 10108 | Gauntlet | Found a transporter.
 10165 | Gauntlet | Killed an oklob plant
 10246 | Gauntlet | Killed a necromancer
 10247 | Gauntlet | Reached skill level 1 in Stealth
 10254 | Gauntlet | Identified the ring "Ilyliona" {Int+3 SInv}
 10290 | Gauntlet | Killed a glowing orange brain
 10291 | Gauntlet | Reached XP level 11. HP: 85/85 MP: 8/11
 10362 | Gauntlet | Identified the ring of Wishful Thinking {rCorr Int+4
                  | Stlth+}
 10395 | Gauntlet | Identified the +6 orcbow of Geppisut {elec, +Blink Fly
                  | rCorr Str+4}
 10395 | Gauntlet | Noticed a minotaur
 10406 | Gauntlet | HP: 3/86 [minotaur/+1 trident of venom (5)]
 10410 | Gauntlet | Killed a minotaur
 10417 | Gauntlet | Identified the +2 cloak "Dessos" {rElec Str+7}
 10418 | Gauntlet | Got the Excursus on Translocated Conduction
 10435 | Gauntlet | Identified the +0 ring mail of Uxunore {Will++}
 10532 | D:11     | Noticed a two-headed ogre
 10538 | D:11     | Killed a two-headed ogre
 10539 | D:11     | Reached skill level 11 in Axes
 10579 | D:11     | Noticed Psyche
 10586 | D:11     | Killed Psyche
 10624 | D:11     | Found a staircase to the Orcish Mines.
 10711 | D:11     | You fall into a shaft and drop 2 floors!
 10789 | D:12     | Found a snail-covered altar of Cheibriados.
 11273 | D:12     | Noticed a two-headed ogre
 11282 | D:12     | Killed a two-headed ogre
 11740 | D:11     | Reached skill level 10 in Maces & Flails
 11756 | D:11     | Gained mutation: Your casting is disrupted. [Ru sacrifice]
 12027 | D:11     | Found a staircase to the Lair.
 12041 | D:11     | Reached XP level 12. HP: 61/94 MP: 12/12
 12194 | D:11     | Found a runed translucent gate.
 12196 | D:11     | Found a runed translucent gate.
 12197 | D:11     | Found a runed translucent gate.
 12200 | D:11     | Noticed vmvhnmv's ghost (journeyman MiFi)
 12207 | D:11     | Identified the +6 rapier of the Loving Dragonfly {spect,
                  | rC++}
 12304 | D:11     | Found a roughly hewn altar of Beogh.
 12415 | Lair:1   | Entered Level 1 of the Lair of Beasts
 12472 | Orc:1    | Entered Level 1 of the Orcish Mines
 12683 | Orc:1    | Noticed Maurice
 12690 | Orc:1    | Maurice stole a phantom mirror
 12692 | Orc:1    | Maurice stole a +4 morningstar
 12695 | Orc:1    | Killed Maurice
 12922 | Orc:1    | Reached skill level 12 in Axes
 13177 | Orc:2    | Entered Level 2 of the Orcish Mines
 13425 | Orc:2    | Reached skill level 5 in Throwing
 13425 | Orc:2    | Reached skill level 10 in Evocations
 13437 | Orc:2    | Found a staircase to the Elven Halls.
 13513 | Orc:2    | HP: 3/89 [orc sorcerer/bolt of negative energy (30)]
 13781 | Orc:2    | Found Rifeshoo's Distillery.
 13789 | Orc:2    | Found Seotuan's General Store.
 13795 | Orc:2    | Found Hexec's Distillery.
 13797 | Orc:2    | Found Gaonash's Armour Boutique.
 13839 | Orc:2    | Bought a wand of light (4) for 201 gold pieces
 13839 | Orc:2    | Bought a potion of attraction for 36 gold pieces
 13839 | Orc:2    | Bought a tin of tremorstones (2/2) for 480 gold pieces
 13839 | Orc:2    | Bought a scroll of identify for 24 gold pieces
 13841 | Orc:2    | Bought a potion of curing for 42 gold pieces
 13841 | Orc:2    | Bought a potion of attraction for 42 gold pieces
 13841 | Orc:2    | Bought a potion of haste for 140 gold pieces
 13841 | Orc:2    | Bought a potion of resistance for 140 gold pieces
 13841 | Orc:2    | Bought a potion of resistance for 140 gold pieces
 13841 | Orc:2    | Bought a potion of attraction for 42 gold pieces
 14235 | Lair:1   | Gained mutation: You are missing an eye, making it more
                  | difficult to aim. [Ru sacrifice]
 14235 | Lair:1   | Reached ****** piety under Ru
 14492 | Lair:1   | You fall into a shaft and drop 1 floor!
 15646 | Lair:2   | Reached XP level 13. HP: 8/99 MP: 13/13
 16017 | Lair:2   | Reached skill level 13 in Axes
 16166 | Lair:2   | Reached skill level 5 in Stealth
 16824 | Lair:3   | Noticed Urug
 16832 | Lair:3   | Killed Urug
 16991 | Lair:3   | Found a frozen archway.
 17025 | IceCv    | Entered an ice cave
 17484 | IceCv    | Noticed a quicksilver ooze
 17497 | IceCv    | Killed a quicksilver ooze
 17533 | IceCv    | Noticed a quicksilver ooze
 17535 | IceCv    | Found a viscous altar of Jiyva.
 17535 | IceCv    | Noticed an azure jelly
 17548 | IceCv    | Killed a quicksilver ooze
 17629 | IceCv    | Killed an azure jelly
 17630 | IceCv    | Reached skill level 10 in Fighting
 17681 | IceCv    | Identified the +5 leather armour "Onnaizoj" {*Corrode
                  | Regen+ Slay+6 Stlth+}
 17698 | IceCv    | Identified the ring "Yzxoqao" {Fly Will- Str+3 Dex+3}
 17703 | IceCv    | Got Nuocour's Quarto of the Snowflakes
 17704 | IceCv    | Identified the amulet "Umpeb" {RegenMP -Tele Rampage Str+3
                  | Dex+3}
 17786 | IceCv    | Noticed a quicksilver ooze
 17794 | IceCv    | Killed a quicksilver ooze
 17903 | Lair:3   | Found a staircase to the Shoals.
 18204 | Lair:3   | Found a staircase to the Snake Pit.
 18649 | Lair:3   | Identified the blade talisman "Duudaek" {rC+++ Int-4 SInv
                  | Stlth-}
 18705 | Lair:3   | Upgraded the game from 0.32-a0-441-gaf4921d101 to
                  | 0.32-a0-460-gc8eefc90e7
 18928 | Lair:4   | Reached skill level 14 in Axes
 18976 | Lair:4   | Reached XP level 14. HP: 110/110 MP: 14/14
 19393 | Lair:4   | Found a runed translucent gate.
 19393 | Lair:4   | Found a runed translucent gate.
 19393 | Lair:4   | Found a runed translucent gate.
 19534 | Lair:4   | Noticed makewrite's ghost (journeyman MiBe)
 19564 | Lair:4   | Killed makewrite's ghost
 19645 | Lair:5   | Entered Level 5 of the Lair of Beasts
 19655 | Lair:5   | Got Pagiot's Incunable of the Boulder
 20036 | Lair:5   | Found a staircase to the Slime Pits.
 20060 | Lair:5   | Found a viscous altar of Jiyva.
 20367 | Lair:5   | Found a large runed translucent door.
 20367 | Lair:5   | Found a large runed translucent door.
 21448 | D:13     | Noticed Sonja
 21473 | D:13     | Killed Sonja
 22183 | D:8      | Bought +0 swamp dragon scales for 600 gold pieces
 22352 | Snake:1  | Entered Level 1 of the Snake Pit
 22891 | Snake:1  | You are sucked into a shaft and drop 1 floor!
 22904 | Snake:2  | HP: 5/106 [salamander/+0 halberd (6)]
 22906 | Snake:2  | HP: 2/106 [salamander/+0 halberd (6)]
 22906 | Snake:2  | Mangled by a black mamba

Illustrated notes

Levels and vault maps discovered:
D:1:      arrival_zaba_pyramid, layout_loops_ring,
          shapermc_ecumenical_altar_venn, serial_shops, shop
D:2:      layout_loops_corners, serial_bayou_pond_c, minmay_puff
D:3:      layout_basic, nicolae_ru_great_annihilating_truth, uniq_ijyb,
          uniq_jessica, uniq_pargi
D:4:      gammafunk_steamed_eel, layout_loops_ring,
          mainiacjoe_overflow_catch_the_wave, ebering_ghost_sewer_f,
          corexii_item_surrounded_by_moat, uniq_eustachio, uniq_pikel
D:5:      layout_basic, sigmund_edmund_badplayer
D:6:      layout_basic
D:7:      kennysheep_six_static_rooms, layout_loops_corners,
          nicolae_elyvilon_temple_path, minmay_temple_entry_poolview
D:8:      lemuel_slime, layout_loops_ring, serial_shops, shop,
          nicolae_shop_hallway_stairs, nicolae_shop_dragon_depot,
          roderic_batcave, minmay_statues_item, grunt_potential
D:9:      minmay_inner_zag, layout_long_grid, kennysheep_mini_moat
D:10:     layout_irregular_city, nicolae_uskayaw_dance_hall,
          eino_small_chamber_without_monster
D:11:     layout_loops_ring, lair_entry_dummy, minmay_orc_entry_temple_small,
          gauntlet_entry_generic, gammafunk_ghost_nasty_kobolds,
          grunt_decor_junction, xom_teletrap_fun, uniq_josephine, uniq_psyche
D:12:     layout_roguey [special_room_orc], cheibriados_altar_1
D:13:     kennysheep_demon_hangout, layout_stronghold, uniq_sonja
Temple:   eino_temple_rhombus
Lair:1:   layout_long_grid, gammafunk_lair_bear_cave, lemuel_fruit_tree
Lair:2:   layout_cave_pods, serial_bayou_pond_c, st_stairs_9,
          beast_lair_carwin_6, grunt_megastairs_3
Lair:3:   layout_loops_ring, elwin_shoals_entry_rocks,
          nicolae_snake_entry_warm_welcome,
          portal_ice_cave_entry_animals_and_master,
          grunt_forest_large_clearing_hut, uniq_urug
Lair:4:   layout_long_grid, ebering_ghost_rock_garden, serial_bayou_crossing,
          infiniplex_staircase_pool, grunt_megastairs_5
Lair:5:   cheibrodos_lair_end_hotspot, layout_gridlike,
          nicolae_slime_entry_field_trip
Snake:1:  layout_grid_shapes, grunt_megastairs_2
Snake:2:  nicolae_snake_attic_fulla_snakes, layout_cave_town,
          nicolae_triple_integral
Orc:1:    layout_caves, nicolae_orc_stalacmites, uniq_maurice
Orc:2:    st_orc_elflike, layout_diamond_mine

Skill      XL: |  1  2  3  4  5  6  7  8  9 10 11 12 13 14 |
---------------+-------------------------------------------+-----
Axes           | 4 5 6 8 10 11 12 14 | 14.8
Maces & Flails | 2 3 4 6 9 10 11 12 13 | 13.1
Fighting       | 3 4 5 7 8 9 10 | 10.9
Throwing       | 2 3 4 5 6 7 |  7.8
Evocations     | 2 4 5 8 9 10 11 12 | 12.7
Armour         | 1 0 |  0.0
Dodging        | 3 4 6 0 |  0.0
Stealth        | 1 3 4 5 6 |  6.8

Action                     |  1- 3 |  4- 6 |  7- 9 | 10-12 | 13-15 || total
---------------------------+-------+-------+-------+-------+-------++-------
  Melee: War axe           |    53 |    58 |   205 |   520 |       ||   836
         Club              |    19 |       |       |       |       ||    19
         Whip              |    29 |    23 |       |       |       ||    52
         Mace              |       |    33 |    90 |   106 |       ||   229
         Flail             |       |       |   112 |   512 |     7 ||   631
         Morningstar       |       |       |       |   125 |   515 ||   640
         Broad axe         |       |       |       |    62 |   289 ||   351
         Hand axe          |       |       |       |    42 |   219 ||   261
  Throw: Throwing net      |       |     2 |       |       |       ||     2
         Dart              |       |       |       |     1 |     1 ||     2
         Boomerang         |       |       |       |       |    11 ||    11
 Invoke: Sacrifice Durabil |       |       |     1 |       |       ||     1
         Sacrifice Essence |       |       |     1 |     1 |       ||     2
         Sacrifice Experie |       |       |     1 |       |       ||     1
         Sacrifice Nimblen |       |       |       |     1 |       ||     1
         Draw Out Power    |       |       |       |     2 |     1 ||     3
         Apocalypse        |       |       |       |     2 |       ||     2
         Power Leap        |       |       |       |     1 |       ||     1
         Sacrifice an Eye  |       |       |       |     1 |       ||     1
  Evoke: Wand              |       |     1 |     3 |     5 |     6 ||    15
    Use: Scroll            |       |       |    11 |    25 |     2 ||    38
         Potion            |       |       |       |     6 |     3 ||     9
   Stab: Sleeping          |     3 |       |       |     2 |    24 ||    29
         Held in net/web   |       |     4 |       |       |       ||     4
         Paralysed         |       |     1 |       |    18 |     5 ||    24
         Invisible         |       |       |       |     8 |     6 ||    14
         Distracted        |       |       |       |     2 |     6 ||     8
 Armour: Leather armour    |    24 |       |       |       |   137 ||   161
         Ring mail         |     4 |     4 |       |   244 |    50 ||   302
         Troll leather arm |       |    22 |   121 |   226 |    79 ||   448
         Swamp dragon scal |       |       |       |       |    40 ||    40
  Dodge: Dodged            |    36 |    25 |   139 |   401 |   179 ||   780
Riposte: Flail             |       |       |       |    23 |       ||    23
         War axe           |       |       |       |    22 |       ||    22
         Morningstar       |       |       |       |    12 |    35 ||    47
         Mace              |       |       |       |    11 |       ||    11
         Broad axe         |       |       |       |     7 |    23 ||    30
         Hand axe          |       |       |       |     5 |    10 ||    15

Table legend: (Time is in decaauts)
 A = Elapsed time spent in this place.
 B = Non-inter-level travel time spent in this place.
 C = Inter-level travel time spent in this place.
 D = Time resting spent in this place.
 E = Time spent auto-exploring this place.
 F = Levels seen in this place.
 G = Mean time per level.
                   A        B        C        D        E       F      G
               +--------+--------+--------+--------+--------+-----+--------+
         Total |  22699 |  20788 |   1911 |   4310 |   1468 |  25 |  908.0 |
       Dungeon |  13250 |  11714 |   1536 |   1718 |   1031 |  13 | 1019.2 |
        Temple |      1 |      1 |      0 |      0 |      0 |   1 |    1.0 |
          Lair |   6097 |   5798 |    299 |   1363 |    332 |   5 | 1219.4 |
     Snake Pit |    541 |    541 |      0 |    304 |      0 |   2 |  270.5 |
  Orcish Mines |   1381 |   1307 |     74 |    479 |     28 |   2 |  690.5 |
      Ice Cave |    820 |    820 |      0 |    369 |     77 |   1 |  820.0 |
      Gauntlet |    604 |    604 |      0 |     76 |      0 |   1 |  604.0 |
               +--------+--------+--------+--------+--------+-----+--------+

Top non-repeatable levels by time:
  Lair:2: 1925 daAuts
     D:8: 1448 daAuts
    D:11: 1422 daAuts
     D:7: 1281 daAuts
     D:5: 1263 daAuts
  Lair:5: 1154 daAuts
  Lair:3: 1070 daAuts
  Lair:1: 1038 daAuts
     D:2: 1006 daAuts
    D:12: 961 daAuts
    D:13: 936 daAuts
     D:9: 910 daAuts
  Lair:4: 908 daAuts
     D:4: 845 daAuts
     D:6: 835 daAuts
